 Dungeon Crawl Stone Soup version 0.22.0 (webtiles) character file.

9929 Gorglomux the Fighter (level 11, 0/60 HPs)
             Began as a Vine Stalker Fighter on Aug 11, 2018.
             Was a Follower of Uskayaw.
             Slain by an orc warrior
             ... wielding a +0 halberd
              (13 damage)
             ... on level 11 of the Dungeon.
             The game lasted 00:07:25 (8983 turns).

Gorglomux the Fighter (Vine Stalker Fighter)        Turns: 8983, Time: 00:07:26

Health: 0/60       AC: 15    Str: 21    XL:     11   Next: 54%
Magic:  0/13       EV:  6    Int:  8    God:    Uskayaw [*.....]
Gold:   373        SH: 12    Dex: 15    Spells: 10/10 levels left

rFire    + . .     SeeInvis .   w - +2 rapier of Gozag's Whim {pierce, rC+}
rCold    + . .     Gourm    .   c - +1 shield
rNeg     . . .     Faith    .   F - +0 chain mail {rPois}
rPois    +         Spirit   +   (no helmet)
rElec    .         Reflect  .   K - +1 cloak
rCorr    .         Harm     .   U - +0 pair of gloves
MR       ++...                  T - +0 pair of boots
Stlth    ..........             (no amulet)
HPRegen  0.60/turn              f - ring of protection from fire
MPRegen  0.13/turn              m - ring of protection from magic

@: no status effects
A: fangs 3, regeneration 1, magic shield, antimagic bite, no potion heal 3, rot
immunity
a: Stomp, Renounce Religion


You were on level 11 of the Dungeon.
You worshipped Uskayaw.
Uskayaw was noncommittal.
You were near starving.

You visited 1 branch of the dungeon, and saw 11 of its levels.

You collected 602 gold pieces.
You spent 229 gold pieces at shops.

Inventory:

Hand Weapons
 a - a +0 rapier
 w - the +2 rapier of Gozag's Whim (weapon) {pierce, rC+}
   (You found it on level 4 of the Dungeon)

   It inflicts extra damage upon your enemies.
   It protects you from cold.
 A - a +3 dagger of venom
Armour
 c - a +1 shield (worn)
 F - a +0 chain mail of poison resistance (worn)
 K - a +1 cloak (worn)
 T - a +0 pair of boots (worn)
 U - a +0 pair of gloves (worn)
Jewellery
 f - a ring of protection from fire (left hand)
 g - an uncursed ring of resist corrosion
 m - a ring of protection from magic (right hand)
 s - an uncursed ring of see invisible
 x - an uncursed ring of stealth
Wands
 I - a wand of iceblast (9)
 P - a wand of paralysis (25)
Scrolls
 i - a scroll of blinking {unknown}
 j - 2 scrolls of remove curse
 t - 4 scrolls of teleportation {unknown}
 v - a scroll of noise {unknown}
 B - a scroll of vulnerability {unknown}
 E - 2 scrolls of enchant weapon {unknown}
 H - 2 scrolls of enchant armour
 J - 2 scrolls of immolation {unknown}
 M - 3 scrolls of magic mapping
 N - a scroll of fear {unknown}
 Q - a scroll of amnesia {unknown}
 R - 2 scrolls of identify
 V - a scroll of brand weapon {unknown}
Potions
 d - 2 potions of might
 r - 3 potions of lignification
 u - a potion of flight
 z - a potion of brilliance
 C - a potion of heal wounds
 L - a potion of degeneration {unknown}
 O - a potion of haste
 S - a potion of cancellation
Miscellaneous
 W - a sack of spiders
 X - a phial of floods (inert)
 Y - a lamp of fire (inert)
Comestibles
 G - 23 rations


   Skills:
 + Level 8.6 Fighting
 + Level 8.4 Short Blades
 + Level 7.9 Armour
 + Level 8.6 Shields
 + Level 1.5 Invocations
 + Level 1.3 Evocations


You had 10 spell levels left.
You didn't know any spells.
Your spell library contained the following spells:

 Spells                   Type           Power        Failure   Level  Hunger
 Lightning Bolt           Conj/Air       #.........   100%        5    ######.
 Spider Form              Tmut/Pois      #.........   100%        3    ####...
 Blade Hands              Tmut           #.........   100%        5    ######.
 Ice Form                 Ice/Tmut       #.......     100%        4    #####..
 Sticks to Snakes         Tmut           #.......     100%        2    ###....
 Shatter                  Erth           #.........   100%        9    #######
 Static Discharge         Conj/Air       #.......     100%        3    ####...
 Tornado                  Air            #.........   100%        9    #######
 Beastly Appendage        Tmut           #.....       100%        1    ##.....
 Ignition                 Fire           #.........   100%        8    #######


Dungeon Overview and Level Annotations

Branches:
Dungeon (11/15)            Temple (0/1) D:7            Lair (0/6) D:9
    Orc (0/2) D:11

Altars:
Ashenzari
Hepliaklqana
Kikubaaqudgha
Qazlal
Uskayaw
Xom
Yredelemnul

Shops:
D:5 (   D:7 *   D:10 }

Annotations:
D:2 Sigmund
D:4 1 runed door, troglodite's ghost, novice DsBe
D:6 exclusion: oklob plant
D:7 2 runed doors


Innate Abilities, Weirdness & Mutations

You have razor-sharp teeth.
Your natural rate of healing is unusually fast.
When hurt, damage is shared between your health and your magic reserves.
Your bite disrupts and absorbs the magic of your enemies.
Potions cannot restore your health.
You are immune to rotting.


Message History

* * * don't die
* * * The worker ant completely butts you!
You can now butts through a line of other butts!
Unknown command!
Okay, then!
As you read the scroll labeled BUTT TINIE, it butts to dust!
You feel aware of your surroundings!
It was a scroll of magic mapping!
M - 3 scrolls of magic mapping;
C - a potion of heal wounds Something completely misses you!
The worker ant bites you but does no damage!
Aiming: Line Pass
Press: ? - help, Dir - move target cursor The worker ant appears confused!
The orc appears confused!
The orc warrior appears confused!
You are near starving!!!
You can no longer pass through a line of other dancers!
The orc butts the worker ant with a club!
The worker ant closely misses the white ugly thing!
The orc warrior hits you with a halberd!!! rip

#.* ###....
##########.## ###.o....
#....)......# #..o#%...
#.........[[####a###..!.
#.........><#....# #u...
#.............#### #....
#...........### #....
#.........Z.# #o.†.
#.....z@..$.# #o...
#....z.o....# #....
#......uo.!.# #....
########a#### ##'## #.#
#..# ###)# ####.## #...#
#..u.# #.### *#'####**
##'##### **#.†......


You could see a white ugly thing, an orc warrior (confused), a worker ant
(confused), 2 wights, an orc (confused) and a centaur warrior skeleton.

Vanquished Creatures
  A centaur warrior (D:9)
  A cyclops (D:7)
  An ugly thing (D:11)
  A gargoyle (D:11)
  A spiny frog (shapeshifter) (D:9)
  3 trolls
  3 hippogriffs
  A vampire (D:7)
  A human (D:7)
  A wyvern (D:9)
  2 yaks (D:9)
  Eustachio (D:6)
  4 hogs (D:7)
  A steam dragon (D:10)
  Menkaure (D:6)
  2 acid dragons
  A water moccasin (D:11)
  5 ice beasts
  A black bear (D:9)
  2 orc warriors (D:9)
  2 phantoms
  3 sky beasts
  4 ogres
  6 centaurs
  A big kobold (D:10)
  7 bullfrogs
  A wyvern zombie (D:7)
  2 scorpions
  9 killer bees
  3 wights (D:11)
  2 howler monkeys
  2 centaur zombies
  3 crimson imps
  8 hounds
  2 jellies
  4 bullfrog skeletons
  Jessica (D:2)
  A gnoll shaman (D:9)
  6 iguanas
  6 orc wizards
  9 worker ants
  A hound zombie (D:9)
  2 howler monkey zombies
  8 adders
  4 gnolls (D:5)
  A worker ant zombie (D:10)
  2 shadow imps (D:7)
  An ooze (D:6)
  An adder skeleton (D:7)
  2 adder zombies
  6 worms
  2 leopard geckos
  33 orcs
  A ball python (D:3)
  6 bats
  3 giant cockroaches
  8 goblins
  5 hobgoblins
  9 jackals
  11 kobolds
  4 quokkas
  A frilled lizard (D:1)
  2 leopard gecko skeletons (D:4)
  2 quokka skeletons
  5 rats
  2 rat zombies (D:7)
238 creatures vanquished.

Vanquished Creatures (others)
  A plant (D:6)
1 creature vanquished.

Grand Total: 239 creatures vanquished

Notes
Turn   | Place    | Note
-------+----------+-------------------------------------------
     0 | D:1      | Gorglomux the Vine Stalker Fighter began the quest for the Orb.
     0 | D:1      | Reached XP level 1. HP: 11/11 MP: 2/2
    98 | D:1      | Reached XP level 2. HP: 3/16 MP: 3/3
   639 | D:1      | Reached skill level 3 in Fighting
   639 | D:1      | Reached XP level 3. HP: 20/20 MP: 4/4
   684 | D:1      | Reached skill level 3 in Shields
  1100 | D:2      | Noticed Jessica
  1109 | D:2      | Killed Jessica
  1109 | D:2      | Gained mutation: Your natural rate of healing is unusually fast. [Vine Stalker growth]
  1109 | D:2      | Reached XP level 4. HP: 18/24 MP: 3/5
  1141 | D:2      | Noticed Sigmund
  1301 | D:3      | Reached skill level 3 in Armour
  1412 | D:3      | Noticed a hand axe
  1413 | D:3      | Noticed a hand axe
  1414 | D:3      | Found a hide-covered altar of Uskayaw.
  1441 | D:3      | Became a worshipper of Uskayaw the Reveler
  1665 | D:3      | Reached * piety under Uskayaw
  1667 | D:3      | Reached XP level 5. HP: 24/28 MP: 6/6
  2114 | D:4      | Reached ** piety under Uskayaw
  2213 | D:4      | Reached skill level 3 in Short Blades
  2221 | D:4      | Reached *** piety under Uskayaw
  2223 | D:4      | Reached **** piety under Uskayaw
  2227 | D:4      | Reached XP level 6. HP: 26/33 MP: 4/7
  2393 | D:4      | Got a transparent rapier
  2394 | D:4      | Identified the cursed +2 rapier of Gozag's Whim {pierce, rC+} (You found it on level 4 of the Dungeon)
  2454 | D:4      | Found a runed door.
  2478 | D:4      | Noticed troglodite's ghost (novice DsBe)
  2483 | D:4      | Reached XP level 7. HP: 23/37 MP: 6/8
  3150 | D:5      | Entered Level 5 of the Dungeon
  3217 | D:5      | Found a shattered altar of Ashenzari.
  3383 | D:5      | Gained mutation: You have razor-sharp teeth. [Vine Stalker growth]
  3383 | D:5      | Reached XP level 8. HP: 37/42 MP: 9/9
  3787 | D:5      | Found Aleozoa's Weapon Emporium.
  3797 | D:5      | Found a shimmering altar of Xom.
  4155 | D:6      | Found a basalt altar of Yredelemnul.
  4155 | D:6      | Noticed Menkaure
  4158 | D:6      | Killed Menkaure
  4326 | D:6      | Noticed Eustachio
  4335 | D:6      | Killed Eustachio
  4413 | D:6      | Reached XP level 9. HP: 42/48 MP: 10/10
  4471 | D:6      | Found a stormy altar of Qazlal.
  4472 | D:6      | Noticed an oklob plant
  4650 | D:6      | Reached skill level 6 in Fighting
  4842 | D:7      | Reached skill level 6 in Shields
  4885 | D:7      | Found a runed door.
  4886 | D:7      | Found a runed door.
  4886 | D:7      | Noticed a cyclops
  4894 | D:7      | Noticed a cyclops
  4923 | D:7      | Reached ***** piety under Uskayaw
  4925 | D:7      | Killed a cyclops
  4925 | D:7      | Reached skill level 6 in Short Blades
  4955 | D:7      | Reached skill level 6 in Armour
  5072 | D:7      | Found Fannuh's Assorted Antiques.
  5075 | D:7      | Bought a scroll of identify for 58 gold pieces
  5075 | D:7      | Bought a scroll of identify for 58 gold pieces
  5075 | D:7      | Bought a fizzy golden potion for 26 gold pieces
  5075 | D:7      | Bought a scroll labeled WEMEIVILUI for 29 gold pieces
  5075 | D:7      | Bought a scroll labeled IBUORU TINIE for 29 gold pieces
  5075 | D:7      | Bought a scroll labeled FIVVEL JOCWI for 29 gold pieces
  5425 | D:7      | Reached XP level 10. HP: 49/53 MP: 11/11
  5571 | D:7      | Found an ancient bone altar of Kikubaaqudgha.
  5671 | D:7      | Found a staircase to the Ecumenical Temple.
  6232 | D:8      | Found a hazy altar of Hepliaklqana.
  6778 | D:9      | Found a staircase to the Lair.
  7302 | D:9      | Noticed a spiny frog
  7302 | D:9      | a human changed into a spiny frog
  7312 | D:9      | Killed a spiny frog
  7312 | D:9      | Reached ****** piety under Uskayaw
  7474 | D:9      | Reached XP level 11. HP: 20/60 MP: 12/12
  7612 | D:9      | Noticed a centaur warrior
  7621 | D:9      | Killed a centaur warrior
  8014 | D:10     | Entered Level 10 of the Dungeon
  8285 | D:10     | Found Toigibb's Gadget Shoppe.
  8741 | D:11     | Noticed a cyan ugly thing
  8750 | D:11     | Killed a cyan ugly thing
  8750 | D:11     | Reached skill level 1 in Invocations
  8750 | D:11     | Reached skill level 1 in Evocations
  8779 | D:11     | Noticed a white ugly thing
  8983 | D:11     | Slain by an orc warrior

Skill      XL: |  1  2  3  4  5  6  7  8  9 10 11 |
---------------+----------------------------------+-----
Short Blades   | 2 3 4 5 6 7 8 |  8.4
Fighting       | 3 4 5 6 8 |  8.6
Shields        | 3 4 5 6 8 |  8.6
Armour         | 3 4 5 6 7 |  7.9
Invocations    | 1 |  1.5
Evocations     | 1 |  1.3

Action                   |  1- 3 |  4- 6 |  7- 9 | 10-12 || total
-------------------------+-------+-------+-------+-------++-------
Melee: Rapier            |   109 |   172 |   251 |   362 ||   894
       Bite              |    21 |    62 |    90 |   138 ||   311
Invok: Stomp             |       |       |       |     1 ||     1
       Line Pass         |       |       |       |     1 ||     1
Evoke: Lamp of fire      |       |       |       |     1 ||     1
       Phial of floods   |       |       |       |     1 ||     1
  Use: Scroll            |       |       |     8 |     3 ||    11
 Stab: Paralysed         |       |     2 |    12 |    19 ||    33
  Eat: Chunk             |     1 |     5 |     6 |    10 ||    22
       Ration            |       |       |     1 |       ||     1
Armor: Scale mail        |    45 |    49 |    43 |       ||   137
       Chain mail        |       |       |    24 |   157 ||   181
Dodge: Dodged            |    31 |    35 |    60 |    77 ||   203
Block: Shield            |    70 |    56 |   122 |   241 ||   489
